 Dungeon Crawl Stone Soup version 0.28-a0-687-gb91baff9cc (webtiles) character file.

Game seed: 12913070232408960002

99171 kae the Black Belt (level 15, -1/136 HPs)
             Began as a Yellow Draconian Transmuter on Oct 19, 2021.
             Was the Champion of Wu Jian.
             Shot with a bolt by a naga sharpshooter (17 damage)
             ... on level 1 of the Snake Pit.
             The game lasted 00:34:30 (42449 turns).

kae the Black Belt (Yellow Draconian Transmuter)   Turns: 42449, Time: 00:34:31

Health: -1/136     AC: 12    Str: 13    XL:     15   Next: 76%
Magic:  0/29       EV: 16    Int: 21    God:    Wu Jian [******]
Gold:   3240       SH:  0    Dex: 12    Spells: 19/34 levels left

rFire   + + .      SeeInvis .     - Unarmed
rCold   . . .      Faith    .   (shield currently unavailable)
rNeg    . . .      Spirit   +   (armour unavailable)
rPois   +          Reflect  .   (helmet restricted)
rElec   .          Harm     .   d - +2 cloak {rF+}
rCorr   +          Rampage  .   (gloves currently unavailable)
Will    +....                   (no boots)
Stlth   +.........              B - amulet of guardian spirit
HPRegen 0.32/turn               y - ring "Veeciup" {rPois rF+ Int+4}
MPRegen 0.21/turn               J - +4 ring of slaying

@: lethally poisoned (-1 -> -5), blade hands, studying Crossbows
A: spit acid, AC +9, unfitting armour, acidic bite, cold-blooded, acid
resistance, clumsy 1
a: Breathe Acid, End Transformation, Renounce Religion, Wall Jump, Serpent's
Lash, Heavenly Storm


You were on level 1 of the Snake Pit.
You worshipped Wu Jian.
Wu Jian was exalted by your worship.
You had blades for hands.
You visited 5 branches of the dungeon, and saw 25 of its levels.
You also visited: Sewer, Bailey, Gauntlet and Volcano.

You collected 3879 gold pieces.
You spent 639 gold pieces at shops.

Inventory:

Armour
 d - a +2 cloak of fire resistance (worn)
 h - a +2 pair of gloves (melded)
Jewellery
 x - an amulet of faith
 y - the ring "Veeciup" (left blade hand) {rPois rF+ Int+4}
   (You found it on level 6 of the Dungeon)

   [ring of poison resistance]

   Int:       It affects your intelligence (+4).
   rF:        It protects you from fire.
   rPois:     It protects you from poison.
 B - an amulet of guardian spirit (around neck)
 H - a +4 ring of protection
 J - a +4 ring of slaying (right blade hand)
 K - a ring of magical power
 P - a ring of positive energy
 R - an amulet of magic regeneration
 S - the ring of Eracwerph {rC+ Will+ EV+4 Int-3}
   (You found it in a Gauntlet)

   [ring of evasion]

   EV:        It affects your evasion (+4).
   Int:       It affects your intelligence (-3).
   rC:        It protects you from cold.
   Will:      It increases your willpower.
 T - an amulet of regeneration
Wands
 f - a wand of acid (26)
 g - a wand of flame (73)
 m - a wand of mindburst (30)
 w - a wand of iceblast (53)
 I - a wand of charming (4)
 Q - a wand of paralysis (38)
 U - a wand of polymorph (9)
Scrolls
 c - 3 scrolls of vulnerability
 i - 8 scrolls of teleportation
 v - 9 scrolls of identify
 z - a scroll of holy word
 A - 2 scrolls of amnesia
 C - 2 scrolls of fog
 D - 2 scrolls of enchant armour
 E - a scroll of summoning
 G - 3 scrolls of enchant weapon
 L - 3 scrolls of fear
 O - 4 scrolls of magic mapping
Potions
 a - 12 potions of curing
 b - 5 potions of cancellation
 e - 2 potions of attraction
 j - 5 potions of brilliance
 k - 6 potions of resistance
 l - 4 potions of lignification
 n - 4 potions of degeneration
 o - 5 potions of mutation
 p - 5 potions of haste
 q - 3 potions of magic
 r - 2 potions of invisibility
 s - 2 potions of might
 t - 7 potions of flight
 u - a potion of ambrosia
 F - 6 potions of heal wounds
 N - a potion of berserk rage
Miscellaneous
 M - a condenser vane


   Skills:
 - Level 13.2 Fighting
 - Level 10.0 Dodging
 - Level 17.2 Unarmed Combat
 - Level 10.1 Spellcasting
 - Level 12.3 Transmutations
 - Level 4.0 Ice Magic
 - Level 2.0 Air Magic
 - Level 2.0 Poison Magic
 + Level 2.2 Evocations


You had 19 spell levels left.
You knew the following spells:

 Your Spells              Type           Power      Damage    Failure   Level
a - Swiftness             Air            19%        N/A       43%         3
b - Spider Form           Tmut/Pois      20%        N/A       16%         3
c - Ice Form              Ice/Tmut       45%        N/A       22%         4
d - Blade Hands           Tmut           29%        N/A       16%         5

Your spell library contained the following spells:

 Spells                   Type           Power      Damage    Failure   Level
 Beastly Appendage        Tmut           100%       N/A       5%          1
 Wereblood                Tmut           58%        N/A       6%          2
 Ignite Poison            Fire/Tmut/Pois 30%        N/A       24%         3
 Shock                    Conj/Air       56%        1d6       30%         1
 Poisonous Vapours        Pois/Air       38%        N/A       30%         2
 Magic Dart               Conj           40%        1d5       36%         1
 Corpse Rot               Necr/Air       28%        N/A       36%         2
 Static Discharge         Conj/Air       14%        N/A       36%         2
 Call Imp                 Summ           10%        N/A       45%         2
 Mephitic Cloud           Conj/Pois/Air  16%        N/A       47%         3
 Irradiate                Conj/Tmut      18%        3d19      54%         5
 Inner Flame              Hex/Fire       10%        N/A       61%         3
 Portal Projectile        Hex/Tloc       20%        N/A       61%         3
 Airstrike                Air            9%         N/A       71%         4
 Summon Ice Beast         Ice/Summ       19%        N/A       71%         4
 Dragon Form              Tmut           29%        N/A       75%         7
 Animate Dead             Necr           5%         N/A       89%         4
 Cause Fear               Hex            5%         N/A       89%         4
 Sticky Flame             Conj/Fire      10%        2d3       89%         4
 Freezing Cloud           Conj/Ice/Air   9%         6-21      92%         5
 Lightning Bolt           Conj/Air       7%         1d19      97%         5
 Borgnjor's Vile Clutch   Necr/Erth      5%         N/A       99%         5
 Excruciating Wounds      Necr           5%         N/A       99%         5
 Summon Mana Viper        Hex/Summ       10%        N/A       99%         5
 Conjure Ball Lightning   Conj/Air       7%         3x3d6     100%        6
 Death Channel            Necr           5%         N/A       100%        6
 Monstrous Menagerie      Summ           5%         N/A       100%        7
 Discord                  Hex            5%         N/A       100%        8
 Maxwell's Capacitive Co  Air            9%         ∞         100%        8


Dungeon Overview and Level Annotations

Branches:
Dungeon (15/15)            Temple (1/1) D:5            Lair (6/6) D:10
 Shoals (0/4) Lair:3        Snake (1/4) Lair:4        Slime (0/5) Lair:5
    Orc (2/2) D:9             Elf (0/3) Orc:2        Vaults (0/5) D:13
 Depths (0/4) D:15          Sewer (visited)          Bailey (visited)
Volcano (visited)         Gauntlet (visited)

Altars:
Ashenzari
Cheibriados
Dithmenos
Elyvilon
Fedhas
Gozag
Hepliaklqana
Kikubaaqudgha
Makhleb
Nemelex Xobeh
Okawaru
Qazlal
Ru
Sif Muna
Trog
Uskayaw
Vehumet
Wu Jian
Xom
Yredelemnul
Zin
The Shining One
Beogh

Shops:
D:2 :[   D:9 :   D:11 ?   Orc:1 *   Orc:2 [**!(

Annotations:
Lair:2 1 runed translucent door, Jaujas's ghost, novice DgDe
Lair:4 exclusion: door


Innate Abilities, Weirdness & Mutations

You have blades for hands.
Your spellcasting is less reliable in this form.
You are incapable of wielding weapons or throwing items.
You can spit globs of acid.
Your golden yellow scales are hard. (AC +9)
You cannot fit into any form of body armour.
You have acidic saliva.
You are cold-blooded and may be slowed by cold attacks.
You are resistant to acid. (rCorr)
You are clumsy. (Dex -2)


Message History

You feel very sick.
The naga sharpshooter unwields a +0 arbalest.
The naga sharpshooter wields a +0 halberd.
The naga sharpshooter hits you with a +0 halberd.
The naga hits you but does no damage. The naga constricts you.
You slice the naga sharpshooter!!
You tail-slap the naga sharpshooter, but do no damage.
You slash the naga sharpshooter!
The naga sharpshooter is almost dead.
You feel sick.
The naga sharpshooter mumbles some strange words.
The naga sharpshooter magically shoots a bolt.
The bolt hits you!!
The naga sharpshooter unwields a +0 halberd.
The naga sharpshooter wields a +0 arbalest.
The naga sharpshooter shoots a bolt.
The bolt hits you!!
You slice the naga sharpshooter!!
You kill the naga sharpshooter!
The Council accepts your kill.
You feel sick. The mana viper bites you!
* * * LOW HITPOINT WARNING * * *
You feel your power leaking away. The naga misses you. The naga constricts you.
* * * LOW HITPOINT WARNING * * *
The naga sharpshooter spits poison at you.
The splash of poison hits you. You resist.
* * * LOW HITPOINT WARNING * * *
Your Evocations skill increases to level 2!
You shred the naga!!!
You kill the naga!
The Council accepts your kill.
You feel sick.
The mana viper bites you but does no damage.
You slice the mana viper!! You slash the mana viper.
The mana viper is severely wounded.
You feel sick. The mana viper bites you!
* * * LOW HITPOINT WARNING * * *
You feel your power leaking away.
The naga sharpshooter shoots a bolt.
The bolt hits you!
You die...

#...##
##..#
#....# #..#
#....# #..#
#....#
#...##
#...#
#...##
#..).#
##.@.#
#S))#
#.....
#..N....
#.........
..........
..........
#..........


You could see a naga sharpshooter and a mana viper.

Vanquished Creatures
  The ghost of Xeshruir the Warrior, a journeyman GrCK of Xom (Lair:6)
  A stone giant (D:15)
  A red draconian (Volcano)
  A minotaur (Gauntlet)
  A fire dragon (Lair:6)
  5 vault guards (D:13)
  2 ogre magi (D:13)
  2 catoblepae
  6 hydras
  The ghost of Jisim the Cutter, a journeyman HuGl of Ashenzari (Orc:1)
  4 centaur warriors
  A hydra (shapeshifter) (Gauntlet)
  2 two-headed ogres
  2 tengu warriors (D:15)
  A shock serpent (Snake:1)
  A naga sharpshooter (Snake:1)
  A salamander mystic (Volcano)
  8 skeletal warriors (D:15)
  A deep troll (shapeshifter) (Gauntlet)
  2 deep elf pyromancers (D:12)
  6 orc knights
  A mana viper (Snake:1)
  2 lindwurms (Lair:6)
  4 orc sorcerers (Orc:1)
  A wolf spider (Lair:6)
  A manticore (Lair:3)
  5 cyclopes
  18 ugly things
  5 salamanders (Volcano)
  4 centaur zombies
  An ice statue (Gauntlet)
  10 black mambas
  A guardian serpent (Lair:6)
  5 torpor snails (Lair:6)
  9 elephants (Lair:6)
  3 gargoyles (D:13)
  A black mamba (shapeshifter) (D:13)
  18 cane toads
  4 rime drakes
  2 unseen horrors
  A rime drake (shapeshifter) (D:14)
  An efreet (D:13)
  8 komodo dragons
  9 hornets
  6 trolls
  3 tyrant leeches (Lair:6)
  A wind drake (Lair:3)
  7 blink frogs
  3 polar bears
  7 dream sheep (Lair:6)
  A raiju (shapeshifter) (D:14)
  11 slime creatures
  A centaur simulacrum (D:14)
  A water elemental (D:15)
  2 redbacks (Lair:6)
  3 vampires
  6 shadows
  A tarantella (shapeshifter) (D:14)
  4 wraiths
  58 yaks
  10 wyverns
  3 basilisks
  A steam dragon (Lair:2)
  2 acid dragons
  2 nagas (Snake:1)
  6 wargs
  21 water moccasins
  A black bear (shapeshifter) (Gauntlet)
  A hornet zombie (D:7)
  39 orc warriors
  A sky beast (D:5)
  3 black bears
  A necrophage (D:6)
  6 ogres
  11 centaurs
  23 wolves
  5 kobold brigands
  A phantom (D:6)
  11 bullfrogs
  2 scorpions
  2 wyvern zombies
  2 water moccasin skeletons
  10 killer bees (D:8)
  3 howler monkeys
  3 electric eels
  A hound (D:5)
  2 jellies (Lair:5)
  11 orc priests
  2 iguanas
  16 orc wizards
  5 hell rats (Lair:4)
  A howler monkey skeleton (D:4)
  10 gnolls
  6 adders
  6 river rats (Sewer)
  A shadow imp (D:5)
  A white imp (D:7)
  2 ufetubi (D:7)
  3 worms
  A dart slug (D:1)
  74 orcs
  7 ball pythons
  4 endoplasms
  3 giant cockroaches
  12 goblins
  12 hobgoblins
  4 quokkas
  7 bats
  4 frilled lizards
  46 kobolds
  23 rats
713 creatures vanquished.

Vanquished Creatures (others)
  A bush (Lair:6)
  49 fungi
  121 plants
  5 toadstools (D:1)
176 creatures vanquished.

Grand Total: 889 creatures vanquished

Notes
Turn   | Place    | Note
-------+----------+-------------------------------------------
     0 | D:1      | kae the Draconian Transmuter began the quest for the Orb.
     0 | D:1      | Reached XP level 1. HP: 16/16 MP: 3/3
   486 | D:1      | Reached XP level 2. HP: 23/23 MP: 3/5
   908 | D:2      | Reached XP level 3. HP: 23/29 MP: 6/6
  1174 | D:2      | Found Guoph's Book Shoppe.
  1181 | D:2      | Learned a level 3 spell: Spider Form
  1249 | D:2      | Found a faded altar of an unknown god.
  1269 | D:2      | Found Jups's Antique Armour Emporium.
  2124 | D:3      | Reached skill level 4 in Unarmed Combat
  2124 | D:3      | Reached XP level 4. HP: 33/36 MP: 5/7
  2272 | D:3      | Reached skill level 1 in Poison Magic
  4006 | D:3      | Reached XP level 5. HP: 36/42 MP: 4/8
  4364 | D:3      | Learned a level 4 spell: Ice Form
  5612 | D:5      | Entered Level 5 of the Dungeon
  5643 | D:5      | Found a staircase to the Ecumenical Temple.
  5649 | D:5      | Noticed a sky beast
  5664 | D:5      | Reached skill level 1 in Ice Magic
  5675 | D:5      | Killed a sky beast
  5676 | D:5      | Reached XP level 6. HP: 19/51 MP: 7/9
  5925 | D:5      | Reached skill level 5 in Unarmed Combat
  5941 | Temple   | Entered the Ecumenical Temple
  6104 | Temple   | Became a worshipper of the Wu Jian Council
  6235 | D:5      | Your scales start taking on a golden yellow colour.
  6235 | D:5      | Reached XP level 7. HP: 43/57 MP: 10/10
  6235 | D:5      | Gained mutation: You are resistant to acid. (rCorr) [Yellow
                  | Draconian growth]
  6931 | D:6      | Reached skill level 6 in Unarmed Combat
  6948 | D:6      | Noticed a two-headed ogre
  6963 | D:6      | Killed a two-headed ogre
  6964 | D:6      | Reached skill level 5 in Fighting
  6964 | D:6      | Reached skill level 7 in Unarmed Combat
  6964 | D:6      | Reached XP level 8. HP: 18/68 MP: 8/11
  7237 | D:6      | Found a glowing drain.
  7257 | Sewer    | Entered a sewer
  7327 | Sewer    | Reached skill level 5 in Transmutations
  7483 | Sewer    | Reached * piety under Wu Jian
  7893 | Sewer    | Reached ** piety under Wu Jian
  8168 | Sewer    | Identified a scroll of acquirement
  8168 | Sewer    | Acquired 575 gold pieces
  8367 | D:6      | Reached skill level 8 in Unarmed Combat
  8478 | D:6      | Gained mutation: You are clumsy. (Dex -2) [mutagenic glow]
  8833 | D:6      | Identified the ring "Veeciup" {rPois rF+ Int+4}
  9111 | D:7      | Reached XP level 9. HP: 32/75 MP: 1/12
 10036 | D:7      | Reached skill level 9 in Unarmed Combat
 11679 | D:8      | Found a hazy altar of Hepliaklqana.
 11704 | D:8      | Reached XP level 10. HP: 78/86 MP: 14/14
 12443 | D:9      | Reached *** piety under Wu Jian
 12738 | D:9      | Reached skill level 10 in Unarmed Combat
 13110 | D:9      | HP: 5/103 [orc priest/nerve-wracking pain (8)]
 13578 | D:9      | Found Anlali's Book Shop.
 13582 | D:9      | Bought a book of Weapons for 352 gold pieces
 13588 | D:9      | Learned a level 5 spell: Blade Hands
 13755 | D:9      | Found a staircase to the Orcish Mines.
 13997 | D:10     | Entered Level 10 of the Dungeon
 14667 | D:10     | Found a staircase to the Lair.
 15386 | D:11     | Found Fuom's Magic Scroll Emporium.
 15400 | D:11     | Bought a scroll of identify for 20 gold pieces
 15400 | D:11     | Bought a scroll of identify for 20 gold pieces
 15400 | D:11     | Bought a scroll of identify for 20 gold pieces
 15400 | D:11     | Bought a scroll of identify for 20 gold pieces
 15400 | D:11     | Bought a scroll of holy word for 75 gold pieces
 15400 | D:11     | Bought a scroll of fog for 20 gold pieces
 15455 | D:11     | Found a flagged portal.
 15465 | Bailey   | Entered a bailey
 15470 | Bailey   | Learned a level 3 spell: Swiftness
 15564 | Bailey   | Noticed an orc knight
 15581 | Bailey   | Reached **** piety under Wu Jian
 15706 | Bailey   | Killed an orc knight
 15707 | Bailey   | Reached skill level 11 in Unarmed Combat
 15707 | Bailey   | Reached skill level 1 in Air Magic
 16392 | D:11     | Noticed a two-headed ogre
 16404 | D:11     | Killed a two-headed ogre
 16405 | D:11     | Reached XP level 11. HP: 14/94 MP: 0/18
 17648 | Lair:1   | Entered Level 1 of the Lair of Beasts
 17660 | Lair:1   | Reached skill level 5 in Spellcasting
 17847 | Lair:1   | Reached skill level 5 in Dodging
 17865 | Lair:1   | HP: 2/95 [yak (10)]
 18499 | Lair:1   | Reached skill level 12 in Unarmed Combat
 20060 | Lair:2   | Reached XP level 12. HP: 104/104 MP: 14/20
 20776 | Lair:2   | Found a runed translucent door.
 20897 | Lair:2   | Noticed Jaujas's ghost (novice DgDe)
 21244 | Lair:3   | Found a staircase to the Shoals.
 21524 | Lair:3   | Reached skill level 13 in Unarmed Combat
 22097 | Lair:3   | Reached skill level 10 in Fighting
 22099 | Lair:3   | Reached ***** piety under Wu Jian
 22667 | Lair:4   | Found a staircase to the Snake Pit.
 23233 | Lair:4   | Noticed a seven-headed hydra
 23243 | Lair:4   | Killed a ten-headed hydra
 23742 | Lair:4   | Noticed a catoblepas
 23777 | Lair:4   | Killed a catoblepas
 23922 | Lair:4   | Reached XP level 13. HP: 92/114 MP: 16/23
 24655 | Lair:5   | Found a staircase to the Slime Pits.
 24909 | Lair:5   | HP: 6/136 [eight-headed hydra (11)]
 24909 | Lair:5   | HP: 1/136 [eight-headed hydra (5)]
 24913 | Lair:5   | Reached skill level 14 in Unarmed Combat
 24913 | Lair:5   | Reached skill level 10 in Transmutations
 25737 | Lair:5   | You fall into a shaft and drop 1 floor!
 25737 | Lair:6   | Entered Level 6 of the Lair of Beasts
 27154 | Lair:5   | Got the Almanac of Nocuous Attacks
 27514 | Lair:6   | Found a runed translucent door.
 27574 | Lair:6   | Noticed Xeshruir's ghost (journeyman GrCK)
 27982 | Lair:6   | Reached skill level 15 in Unarmed Combat
 28282 | Lair:6   | Found a runed translucent door.
 28283 | Lair:6   | Noticed a fire dragon
 28312 | Lair:6   | Gained mutation: You have acidic saliva. [Yellow Draconian
                  | growth]
 28312 | Lair:6   | Reached XP level 14. HP: 122/124 MP: 23/26
 29188 | Lair:6   | Reached ****** piety under Wu Jian
 30243 | Lair:6   | Killed Xeshruir's ghost
 30711 | Orc:1    | Entered Level 1 of the Orcish Mines
 30770 | Orc:1    | Paralysed by an orc sorcerer for 5 turns
 30999 | Orc:1    | Found a runed translucent door.
 31026 | Orc:2    | Entered Level 2 of the Orcish Mines
 31128 | Orc:1    | Found a dark tunnel.
 31136 | Volcano  | Entered a volcano
 32283 | Orc:1    | Paralysed by an orc sorcerer for 6 turns
 32437 | Orc:1    | Found Kaoh Pud's Assorted Antiques.
 32993 | Orc:2    | Found Ahehy's Distillery.
 32993 | Orc:2    | Found Bewa Xer's Weapon Shoppe.
 33012 | Orc:2    | HP: 4/123 [orc warrior (4)]
 33468 | Orc:2    | Bought a potion of ambrosia for 112 gold pieces
 33529 | Orc:2    | Found Keoklong's Antique Armour Shop.
 33529 | Orc:2    | Found Qezxogumm's General Store.
 33544 | Orc:2    | Reached skill level 16 in Unarmed Combat
 34057 | Orc:2    | Found Paastoe's Assorted Antiques.
 34175 | Orc:2    | Found a staircase to the Elven Halls.
 34757 | Orc:1    | Noticed Jisim's ghost (journeyman HuGl)
 34842 | Orc:1    | Killed Jisim's ghost
 35320 | D:12     | Found an iron altar of Okawaru.
 36429 | D:13     | Paralysed by an ogre mage for 6 turns
 36455 | D:13     | Reached XP level 15. HP: 55/134 MP: 6/28
 37172 | D:13     | Found a gate to the Vaults.
 38471 | D:14     | Paralysed by a centaur for 2 turns
 38729 | D:14     | You fall into a shaft and drop 1 floor!
 38729 | D:15     | Entered Level 15 of the Dungeon
 39117 | D:15     | Found a gate leading to a gauntlet.
 39126 | Gauntlet | Entered a Gauntlet
 39126 | Gauntlet | Found a transporter.
 39141 | Gauntlet | Found a transporter.
 39141 | Gauntlet | Found a transporter.
 39155 | Gauntlet | Found a transporter.
 39165 | Gauntlet | Found a transporter.
 39180 | Gauntlet | Found a transporter.
 39192 | Gauntlet | Found a transporter.
 39204 | Gauntlet | Found a transporter.
 39222 | Gauntlet | Found a transporter.
 39233 | Gauntlet | Found a transporter.
 39233 | Gauntlet | Found a transporter.
 39276 | Gauntlet | Found a transporter.
 39290 | Gauntlet | Found a transporter.
 39292 | Gauntlet | Found a transporter.
 39588 | Gauntlet | Identified the ring of Eracwerph {rC+ Will+ EV+4 Int-3}
 39947 | D:15     | Found a shimmering blue altar of Sif Muna.
 40221 | D:15     | Found a staircase to the Depths.
 40231 | D:15     | Reached skill level 17 in Unarmed Combat
 40422 | D:15     | Reached skill level 10 in Spellcasting
 41054 | D:15     | Found a white marble altar of Elyvilon.
 41179 | D:14     | Reached skill level 10 in Dodging
 41690 | D:14     | Found a bloodstained altar of Trog.
 42077 | Snake:1  | Entered Level 1 of the Snake Pit
 42092 | Snake:1  | Reached skill level 1 in Evocations
 42449 | Snake:1  | Shot with a bolt by a naga sharpshooter

Illustrated notes

Levels and vault maps discovered:
D:1:      ldierk_walled_garden, layout_rooms, supply_closet_lemuel
D:2:      cheibrodos_greedy_goblins, layout_loops_ring,
          dreamdust_ecumenical_altar_statues, serial_shops, shop,
          nicolae_shop_crystal, minmay_pentomino_o4
D:3:      layout_basic
D:4:      layout_layer_cave
D:5:      layout_loops_cross, minmay_temple_entry_statues_fountains
D:6:      layout_cave_pools, cheibrodos_sewer_entry_bend, minmay_misc_feat_tiny,
          kennysheep_doodads, minivault_10
D:7:      wad_lake_hut, layout_basic, serial_co_window_serial,
          co_window_corner_a, co_window_of_opportunity_a, co_window_paths_a,
          co_window_corner_a, co_window_paths_b, co_window_2corner,
          co_window_broadway_b, co_window_corner_ca, glass_columns_b,
          glass_columns_b, glass_columns_a, glass_columns_a, glass_columns_a
D:8:      layout_cave_pods, mainiacjoe_overflow_alcove_4
D:9:      layout_roguey, minmay_orc_entry_temple_small, serial_shops,
          kennysheep_little_box
D:10:     layout_gridville, david_lair_shrubbed, st_stairs_4
D:11:     layout_cave_pods, enter_bailey_6, serial_shops,
          nicolae_shop_waterfront, dk_noncrumbling_2, serial_park_tiny_pond
D:12:     layout_gridville, okawaru_metal_pillars_1_2
D:13:     layout_loops_ring, grunt_vaults_entry_fortified
D:14:     layout_big_octagon, bloody_trog
D:15:     grunt_enter_depths_snipers, layout_loops_ring, gauntlet_entry_generic,
          lemuel_blue_sif_altar, nicolae_elyvilon_temple_path
Temple:   kilobyte_greek_temple
Lair:1:   layout_small_grid, grunt_megastairs_4
Lair:2:   layout_loops_ring, ebering_ghost_inner_flame,
          nicolae_quartered_pool_super
Lair:3:   layout_cellular_growth, minmay_shoals_entry_beasts, serial_rivers,
          chequers_serial_rivers_small_a, chequers_serial_rivers_micro_d,
          chequers_serial_rivers_small_a, chequers_serial_rivers_small_3,
          chequers_serial_rivers_small_3, serial_bayou_pond_e,
          infiniplex_staircase_pool
Lair:4:   layout_loops_ring, dummy_snake_entry, minmay_shattered_shrine,
          grunt_megastairs_1
Lair:5:   layout_long_grid, minmay_slime_entry_pillars, lemuel_fruit_tree
Lair:6:   hangedman_lair_tendril_chambers, layout_cave_pods, wormcave,
          hellmonk_ghost_happy_afterlife
Snake:1:  layout_onion, basic_altar, serial_shops, shop, corexii_hall_statues_i,
          nrook_guardian_serpent_ordinary, uniq_agnes, uniq_jorgrun
Orc:1:    layout_caves, serial_shops, nicolae_shop_statue_plus, enter_volcano_2,
          gammafunk_ghost_grave, basic_altar
Orc:2:    st_orc_town, layout_caves, serial_shops, shop,
          nicolae_orc_sculptors_studio, statue_in_the_mist_lemuel

Skill      XL: |  1  2  3  4  5  6  7  8  9 10 11 12 13 14 15 |
---------------+----------------------------------------------+-----
Fighting       | 2 3 5 7 8 9 10 11 12 13 | 13.2
Unarmed Combat | 4 5 7 8 9 11 12 13 15 16 17 | 17.2
Poison Magic   | 1 2 |  2.0
Transmutations | 3 4 5 6 7 8 9 10 11 12 | 12.3
Ice Magic      | 1 2 4 |  4.0
Dodging        | 2 4 5 7 8 9 10 | 10.0
Spellcasting   | 3 4 5 7 8 9 10 | 10.1
Air Magic      | 2 |  2.0
Evocations     | 2 |  2.2

Action                   |  1- 3 |  4- 6 |  7- 9 | 10-12 | 13-15 || total
-------------------------+-------+-------+-------+-------+-------++-------
Melee: Unarmed           |   126 |   140 |   298 |   564 |   947 ||  2075
       Kick              |    15 |     9 |       |       |       ||    24
       Headbutt          |     7 |     6 |       |       |       ||    13
       Punch             |     1 |       |       |    16 |    57 ||    74
       Tailslap          |    12 |    11 |     5 |    45 |    99 ||   172
       Bite              |       |       |       |       |    58 ||    58
 Cast: Beastly Appendage |    27 |    14 |       |       |       ||    41
       Spider Form       |       |     9 |    13 |       |       ||    22
       Ice Form          |       |       |    22 |    11 |     8 ||    41
       Blade Hands       |       |       |       |    54 |   120 ||   174
       Swiftness         |       |       |       |     1 |       ||     1
Invok: Lunge             |       |     1 |    19 |    33 |    80 ||   133
       Whirlwind         |       |       |       |     1 |    32 ||    33
 Abil: Breathe Acid      |       |       |     1 |    11 |    12 ||    24
       End Transformatio |       |       |       |     1 |     1 ||     2
Evoke: Wand              |       |       |       |       |     2 ||     2
  Use: Scroll            |     6 |     4 |     9 |    10 |    10 ||    39
       Potion            |       |       |     1 |       |     5 ||     6
 Stab: Sleeping          |       |     1 |       |       |       ||     1
       Distracted        |       |       |       |     1 |       ||     1
Armor: Skin              |    64 |    44 |    78 |   186 |   253 ||   625
Dodge: Dodged            |   119 |   118 |   166 |   298 |   526 ||  1227

Table legend: (Time is in decaauts)
 A = Elapsed time spent in this place.
 B = Non-inter-level travel time spent in this place.
 C = Inter-level travel time spent in this place.
 D = Time resting spent in this place.
 E = Time spent auto-exploring this place.
 F = Levels seen in this place.
 G = Mean time per level.
                   A        B        C        D        E       F      G
               +--------+--------+--------+--------+--------+-----+--------+
         Total |  42175 |  40468 |   1707 |   3651 |  31873 |  29 | 1454.3 |
       Dungeon |  22133 |  21051 |   1082 |    991 |  17774 |  15 | 1475.5 |
        Temple |    193 |    164 |     29 |      0 |    148 |   1 |  193.0 |
          Lair |  12895 |  12458 |    437 |   1482 |   9650 |   6 | 2149.2 |
     Snake Pit |    368 |    368 |      0 |      3 |    327 |   1 |  368.0 |
  Orcish Mines |   3045 |   2888 |    157 |    319 |   1999 |   2 | 1522.5 |
         Sewer |    936 |    936 |      0 |      0 |    714 |   1 |  936.0 |
        Bailey |    813 |    813 |      0 |    341 |    258 |   1 |  813.0 |
       Volcano |   1098 |   1098 |      0 |    334 |    628 |   1 | 1098.0 |
      Gauntlet |    691 |    691 |      0 |    181 |    373 |   1 |  691.0 |
               +--------+--------+--------+--------+--------+-----+--------+

Top non-repeatable levels by time:
  Lair:6: 4423 daAuts
  Lair:4: 2403 daAuts
    D:13: 2266 daAuts
     D:3: 2261 daAuts
  Lair:1: 2000 daAuts
     D:7: 1999 daAuts
   Orc:2: 1766 daAuts
  Lair:3: 1718 daAuts
    D:15: 1703 daAuts
     D:4: 1666 daAuts
    D:10: 1613 daAuts
     D:8: 1601 daAuts
     D:9: 1438 daAuts
    D:11: 1387 daAuts
  Lair:2: 1297 daAuts
